 Dungeon Crawl Stone Soup version 0.25-a0-429-g4e43983 (webtiles) character file.

Game seed: 3564974735338822645, levelgen mode: deterministic

5151 relicbr the Reanimator (level 10, -1/58 HPs)
             Began as a Deep Elf Necromancer on Jan 25, 2020.
             Was a Follower of Sif Muna.
             Killed by divine providence
             ... invoked by an orc priest
              (14 damage)
             ... on level 9 of the Dungeon.
             The game lasted 00:43:57 (14499 turns).

relicbr the Reanimator (Deep Elf Necromancer)      Turns: 14499, Time: 00:43:57

Health: -1/58      AC: 11    Str:  5    XL:     10   Next: 33%
Magic:  18/25      EV: 14    Int: 24    God:    Sif Muna [*.....]
Gold:   379        SH:  0    Dex: 15    Spells: 21/27 levels left

rFire    . . .     SeeInvis .   a - +1 dagger (holy)
rCold    + + .     Gourm    .   (no shield)
rNeg     . . .     Faith    .   u - +0 steam dragon scales
rPois    .         Spirit   .   v - +0 helmet
rElec    .         Reflect  .   (no cloak)
rCorr    .         Harm     .   d - +2 pair of gloves
MR       +....                  D - +1 pair of boots "Xeeris" {rC++}
Stlth    ++........             (no amulet)
HPRegen  0.19/turn              C - +1 ring of evasion
MPRegen  0.19/turn              (no ring)

@: no status effects
A: no striking features
a: Channel Magic, Renounce Religion


You were on level 9 of the Dungeon.
You worshipped Sif Muna.
Sif Muna was aware of your devotion.
You were not hungry.

You visited 2 branches of the dungeon, and saw 11 of its levels.

You collected 616 gold pieces.
You spent 237 gold pieces at shops.

Inventory:

Hand Weapons
 a - a +1 dagger of holy wrath (weapon)
 b - a +0 dagger of venom
 p - a +0 short sword of venom
Missiles
 h - 7 curare-tipped darts
 t - 15 poisoned darts (quivered)
Armour
 d - a +2 pair of gloves (worn)
 u - +0 steam dragon scales (worn)
 v - a +0 helmet (worn)
 D - the +1 pair of boots "Xeeris" (worn) {rC++}
   (You bought it in a shop on level 8 of the Dungeon)

   It greatly protects you from cold.
   If you remove this armour, your AC will fall 2 points (11 -> 9)
Jewellery
 l - an uncursed ring of fire
 C - a +1 ring of evasion (left hand)
Wands
 j - a wand of paralysis (2)
 E - a wand of digging (6)
Scrolls
 e - 3 scrolls of teleportation
 f - 4 scrolls of enchant weapon
 k - 4 scrolls of identify
 n - 3 scrolls of blinking
 o - 2 scrolls of enchant armour
 r - 3 scrolls of remove curse
 w - a scroll of magic mapping
 y - a scroll of fog
 B - 2 scrolls of amnesia
Potions
 g - 2 potions of brilliance
 i - 2 potions of heal wounds
 m - a potion of invisibility
 q - a potion of curing
 s - 3 potions of haste
 x - 3 potions of flight
 z - a potion of agility
 A - 2 potions of ambrosia
 G - 2 potions of resistance
Comestibles
 c - 17 rations
 F - 4 chunks of flesh


   Skills:
 - Level 4.5 Fighting
 - Level 2.4 Dodging
 - Level 2.4 Stealth
 - Level 9.1 Spellcasting
 * Level 10.3 Conjurations
 - Level 11.0 Necromancy


You had 21 spell levels left.
You knew the following spells:

 Your Spells              Type           Power        Failure   Level  Hunger
a - Pain                  Necr           ####         1%          1    None
b - Vampiric Draining     Necr           ######....   1%          3    None
c - Searing Ray           Conj           ######       1%          2    None

Your spell library contained the following spells:

 Spells                   Type           Power        Failure   Level  Hunger
 Animate Skeleton         Necr           N/A          1%          1    None
 Magic Dart               Conj           ####         1%          1    None
 Dazzling Flash           Conj/Hex       #####.       1%          3    None
 Animate Dead             Necr           N/A          1%          4    ##.....
 Agony                    Necr           ######..     1%          5    ####...
 Fulminant Prism          Conj/Hex       #####.....   7%          4    ##.....
 Iskenderun's Mystic Bla  Conj/Tloc      #####...     7%          4    ##.....


Dungeon Overview and Level Annotations

Branches:
Dungeon (10/15)            Temple (1/1) D:5
   Lair: D:8-11         Orc: D:9-12

Altars:
Ashenzari
Cheibriados
Dithmenos
Elyvilon
Fedhas
Hepliaklqana
Kikubaaqudgha
Makhleb
Nemelex Xobeh
Okawaru
Sif Muna
Trog
Uskayaw
Vehumet
Wu Jian
Zin
The Shining One

Shops:
D:8 [


Message History

Press: ? - help, Shift-Dir - straight line, f/p - orc warrior
Aim: an orc warrior, wielding a +0 dire flail and wearing a +0 chain mail (almost dead)
You kill the orc warrior!
Sif Muna accepts your kill.
You feel life coursing into your body.
The orc priest shouts!
You feel better.
The orc wizard shouts!
The orc wizard mumbles some strange words.
The orc wizard flickers and vanishes!
Deactivating autopickup; reactivate with Ctrl-A.
The orc priest looks satisfied for a moment.
The orc priest calls down the wrath of Beogh upon you.
You resist with significant effort.
The orc shouts!
The orc shouts!
There is a stone staircase leading up here.
The orc priest mumbles some strange prayers to Beogh against you.
Beogh smites you!
You die...

'...# #...########
##...........
#...........
#..........
#.......# #....oo.#
#.@....# #......#
#...[..#
#......######'
#)....(o......
..#######....).(...#
................(..#
.......#####.......#
....... #......(#


You could see an orc priest and 2 orcs.

Vanquished Creatures
  A centaur skeleton (D:10)
  A yaktaur (D:8)
  3 hippogriffs
  2 steam dragons (D:5)
  5 orc warriors
  2 ice beasts
  A sky beast (D:4)
  4 phantoms
  An ogre (D:5)
  2 centaurs
  A bullfrog (D:6)
  3 scorpions
  3 killer bees (D:8)
  5 wights (D:10)
  2 electric eels (D:9)
  A howler monkey (D:4)
  3 crimson imps
  A quasit (D:8)
  2 bullfrog zombies (D:5)
  A jelly (D:7)
  5 hounds
  11 orc priests
  10 orc wizards
  4 iguanas
  10 worker ants
  A killer bee zombie (D:8)
  A hound zombie (D:8)
  A hound skeleton (D:8)
  Robin (D:3)
  A howler monkey skeleton (D:4)
  9 gnolls
  14 adders
  3 shadow imps
  A white imp (D:5)
  3 oozes
  An adder zombie (D:5)
  An adder skeleton (D:5)
  4 worms
  A dart slug (D:3)
  5 leopard geckos
  33 orcs
  A ball python (D:5)
  9 giant cockroaches
  13 goblins
  6 hobgoblins
  11 jackals
  6 kobolds
  3 quokkas
  10 bats
  4 frilled lizards
  A rat (D:3)
  A plant (D:9)
229 creatures vanquished.

Vanquished Creatures (others)
  5 plants (D:9)
  2 toadstools (D:5)
7 creatures vanquished.

Grand Total: 236 creatures vanquished

Notes
Turn   | Place    | Note
-------+----------+-------------------------------------------
     0 | D:1      | relicbr the Deep Elf Necromancer began the quest for the
                  | Orb.
     0 | D:1      | Reached XP level 1. HP: 10/10 MP: 6/6
    41 | D:1      | Reached skill level 5 in Necromancy
    47 | D:1      | Reached XP level 2. HP: 6/15 MP: 0/8
   399 | D:1      | You fall into a shaft and drop 1 floor!
   406 | D:2      | Reached skill level 6 in Necromancy
   406 | D:2      | Reached XP level 3. HP: 8/20 MP: 0/9
  1602 | D:2      | Reached XP level 4. HP: 24/24 MP: 10/10
  1998 | D:3      | Reached skill level 7 in Necromancy
  2275 | D:3      | Reached skill level 1 in Fighting
  2358 | D:3      | Reached XP level 5. HP: 26/29 MP: 6/11
  2818 | D:3      | Noticed Robin
  3157 | D:3      | Killed Robin
  3157 | D:3      | Reached skill level 8 in Necromancy
  3776 | D:4      | Reached XP level 6. HP: 6/34 MP: 4/12
  4221 | D:4      | Reached skill level 9 in Necromancy
  4632 | D:4      | Learned a level 3 spell: Vampiric Draining
  4809 | D:4      | Reached XP level 7. HP: 34/38 MP: 5/13
  6059 | D:4      | Reached skill level 10 in Necromancy
  6200 | D:5      | Entered Level 5 of the Dungeon
  7662 | D:5      | Reached skill level 11 in Necromancy
  7891 | D:5      | Reached XP level 8. HP: 15/45 MP: 3/15
  8128 | D:5      | Found a blossoming altar of Fedhas.
  8474 | D:5      | Learned a level 2 spell: Searing Ray
  8593 | D:5      | Reached skill level 5 in Spellcasting
  8725 | D:5      | Found a staircase to the Ecumenical Temple.
  8925 | Temple   | Entered the Ecumenical Temple
  9003 | Temple   | Became a worshipper of Sif Muna the Loreminder
 10248 | D:6      | Found an iron altar of Okawaru.
 10519 | D:6      | Found a white marble altar of Elyvilon.
 10874 | D:7      | Reached XP level 9. HP: 24/52 MP: 16/23
 11463 | D:7      | Reached skill level 1 in Conjurations
 11485 | D:7      | You fall into a shaft and drop 3 floors!
 11485 | D:10     | Entered Level 10 of the Dungeon
 11667 | D:10     | Noticed a gargoyle
 11954 | D:10     | Reached * piety under Sif Muna
 11977 | D:10     | Reached skill level 5 in Conjurations
 13380 | D:9      | Found a glowing silver altar of Zin.
 13388 | D:9      | Identified the +0 chain mail of the Dice {rPois rC++ rCorr
                  | Dex-4}
 13389 | D:9      | Reached XP level 10. HP: 58/58 MP: 21/25
 14046 | D:8      | Found Borghu Rumoe's Antique Armour Shoppe.
 14049 | D:8      | Bought a pair of slimy boots for 237 gold pieces
 14054 | D:8      | Identified the +1 pair of boots "Xeeris" {rC++} (You bought
                  | it in a shop on level 8 of the Dungeon)
 14069 | D:8      | Found an ancient bone altar of Kikubaaqudgha.
 14069 | D:8      | Found an ornate altar of the Wu Jian Council.
 14099 | D:8      | Noticed a cyclops
 14175 | D:8      | Reached skill level 10 in Conjurations
 14491 | D:9      | HP: 2/58 [orc warrior/+0 dire flail (8)]
 14499 | D:9      | Killed from afar by an orc priest

Levels and vault maps discovered:
D:1:      minmay_arrival_up_and_down, layout_basic, minmay_misc_feat_doors
D:2:      layout_basic, kennysheep_generic_room_12
D:3:      layout_rooms, uniq_robin
D:4:      layout_gridville, cheibrodos_gnoll_hut
D:5:      kennysheep_steamy, layout_basic, fedhas_altar_4,
          minmay_temple_entry_mist, first_ration, minmay_gold_behind_fungi,
          minmay_fire_ice_demons
D:6:      layout_basic, elyvilon_altar_5, basic_altar
D:7:      layout_cave_pools, grunt_ogre_cave
D:8:      layout_cave_pools, gammafunk_temple_overflow_statue,
          grunt_temple_overflow_open, serial_shops,
          nicolae_shop_window_shopping, jmf_multi_god_temple
D:9:      layout_irregular_city, nicolae_ru_great_annihilating_truth,
          david_lair_shrubbed, david_orc_4, serial_bayou, serial_bayou_pond_a,
          serial_bayou_lagoon_a, serial_bayou_shore_a, serial_bayou_shore_b,
          basic_altar, eino_house_with_fridge
D:10:     layout_roguey
Temple:   nicolae_temple_great_sept

Skill      XL: |  1  2  3  4  5  6  7  8  9 10 |
---------------+-------------------------------+-----
Necromancy     | 5 6 7 8 9 11 | 11.0
Fighting       | 1 2 4 |  4.5
Spellcasting   | 8 9 |  9.1
Conjurations   | 8 10 | 10.3
Dodging        | |  2.4
Stealth        | |  2.4

Action                   |  1- 3 |  4- 6 |  7- 9 | 10-12 || total
-------------------------+-------+-------+-------+-------++-------
Melee: Dagger            |     3 |    61 |   481 |    31 ||   576
       Unarmed           |     1 |       |       |       ||     1
 Fire: Hunting sling     |     6 |    20 |       |       ||    26
Throw: Dart              |       |    28 |    64 |     4 ||    96
 Cast: Pain              |    48 |   116 |   127 |    12 ||   303
       Vampiric Draining |       |       |     7 |     4 ||    11
       Searing Ray       |       |       |    41 |    19 ||    60
Evoke: Wand              |       |       |     2 |     6 ||     8
  Use: Scroll            |       |     7 |    10 |     5 ||    22
       Potion            |       |     1 |     1 |     1 ||     3
 Stab: Sleeping          |     2 |     2 |     5 |       ||     9
       Paralysed         |       |       |     3 |       ||     3
  Eat: Chunk             |     1 |    11 |    27 |     4 ||    43
Armor: Robe              |    12 |       |       |       ||    12
       Leather armour    |       |    47 |   148 |       ||   195
       Steam dragon scal |       |       |    78 |    18 ||    96
Dodge: Dodged            |    28 |    69 |   376 |    33 ||   506

Table legend:
 A = Non-vault XP
 B = Vault XP
 C = Vault XP percentage of total XP
 D = Non-vault monster count
 E = Vault monster count
 F = Vault count percentage of total count
                 A         B        C        D         E       F
            +---------+---------+-------+---------+---------+-------
      Total |    6003 |    1356 |  18.4 |     199 |      29 |  12.7
            +---------+---------+-------+---------+---------+-------
        D:1 |      34 |       0 |   0.0 |      13 |       0 |   0.0
        D:2 |      73 |       3 |   3.9 |      18 |       2 |  10.0
        D:3 |     349 |      35 |   9.1 |      38 |      11 |  22.4
        D:4 |     642 |     100 |  13.5 |      33 |       3 |   8.3
        D:5 |     627 |     376 |  37.5 |      23 |       3 |  11.5
        D:6 |     525 |       0 |   0.0 |      14 |       0 |   0.0
        D:7 |     437 |       0 |   0.0 |       8 |       0 |   0.0
        D:8 |     791 |     343 |  30.2 |      18 |       1 |   5.3
        D:9 |    1235 |     499 |  28.8 |      16 |       9 |  36.0
       D:10 |    1290 |       0 |   0.0 |      18 |       0 |   0.0
            +---------+---------+-------+---------+---------+-------
